 Dungeon Crawl Stone Soup version 0.30-a0-949-g53dc5368d7 (webtiles) character file.

Game seed: 8793741629274256531

344 Zenkrye the Poker (level 6, -4/47 HPs)
             Began as a Human Cinder Acolyte on Mar 27, 2023.
             Was a High Priest of Ignis.
             Killed by divine providence
             ... invoked by an orc priest
              (11 damage)
             ... on level 4 of the Dungeon.
             The game lasted 00:06:51 (3066 turns).

Zenkrye the Poker (Human Cinder Acolyte)            Turns: 3066, Time: 00:06:52

Health: -4/47      AC:  9    Str: 16    XL:     6   Next: 89%
Magic:  7/7        EV:  6    Int: 15    God:    Ignis [*****.]
Gold:   161        SH:  0    Dex:  8    Spells: 5/7 levels left

rFire   + . .      SeeInvis .    h - +3 demon trident "Menugimo" {pain, *Noise *Corrode +Blink rPois}
rCold   . . .      Faith    .    (no shield)
rNeg    + . .      Spirit   .    o - +1 chain mail {rPois}
rPois   +          Reflect  .    (no helmet)
rElec   .          Rampage  .    (no cloak)
rCorr   .                        (no gloves)
Will    .....                    (no boots) Stlth
                                 (no amulet)
HPRegen 0.27/turn                n - ring of positive energy
MPRegen 0.10/turn                (no ring)

@: hasted, very quick
A: no striking features
a: Renounce Religion, Evoke Blink, Fiery Armour, Foxfire Swarm, Rising Flame


You were on level 4 of the Dungeon.
You worshipped Ignis.
Ignis was extremely pleased with you.
You visited 1 branch of the dungeon, and saw 4 of its levels.
You also visited: Sewer.

You collected 161 gold pieces.

Inventory:

Hand Weapons
 a - a -1 spear of flaming
 h - the +3 demon trident "Menugimo" (weapon) {pain, *Noise *Corrode +Blink rPois}
   (You acquired it on level 2 of the Dungeon)

   rPois:     It protects you from poison.
   +Blink:    It lets you blink.
   *Noise:    It may make noises in combat.
   *Corrode:  It may corrode you when you take damage.
Missiles
 p - 7 poisoned darts (quivered)
 s - 5 boomerangs of dispersal
Armour
 b - a +0 robe
 f - a +0 ring mail
 g - a +1 scale mail of positive energy
 o - a +1 chain mail of poison resistance (worn)
Jewellery
 n - a ring of positive energy (left hand)
Scrolls
 i - a scroll of enchant weapon {unknown}
 q - 4 scrolls of teleportation {@r3}
 r - a scroll of fog
 u - a scroll of blinking {@r4}
 w - a scroll of fear {unknown}
 x - a scroll of brand weapon {unknown}
Potions
 c - 2 potions of magic
 d - 2 potions of haste {@q3}
 e - 3 potions of curing {unknown}
 j - 2 potions of flight {unknown}
 k - a potion of resistance {@q6}
 l - 2 potions of degeneration {unknown}
 m - a potion of mutation {unknown}
 t - a potion of attraction {unknown}
 v - a potion of cancellation {unknown}


   Skills:
 - Level 3.0 Fighting
 + Level 7.2 Polearms
 - Level 1.0 Spellcasting
 - Level 3.0 Fire Magic


You had 5 spell levels left.
You knew the following spells:

 Your Spells              Type           Power      Damage    Failure   Level
a - Scorch                Fire           18%        2d5       92%         2

Your spell library contained the following spells:

 Spells                   Type           Power      Damage    Failure   Level
 Inner Flame              Hex/Fire       5%         N/A       100%        3
 Tukima's Dance           Hex            0%         N/A       100%        3
 Flame Wave               Conj/Fire      5%         2d5       100%        4
 Passage of Golubria      Tloc           0%         N/A       100%        4
 Sticky Flame             Conj/Fire      5%         2d3       100%        4
 Yara's Violent Unravell  Hex/Tmut       0%         3d3       100%        5


Dungeon Overview and Level Annotations

Branches:
Dungeon (4/15)              Sewer (visited)
 Temple: D:4-7

Altars:
Trog
The Shining One

Shops:
D:1 (


Message History

You bump into the rock wall.
The orc priest hits you but does no damage.
Something completely misses you.
You closely miss something.
The orc priest hits you but does no damage.
Something hits you but does no damage. Something hits you but does no damage.
You closely miss something.
You hear some strange, mumbled words.
You are more confused.
You bump into the rock wall.
The orc priest barely misses you. Something hits you but does no damage.
You closely miss something. You completely miss something.
The orc priest barely misses you. Something hits you but does no damage.
You completely miss something.
The orc priest hits you from afar with a +0 trident.
Something hits you.
* * * LOW HITPOINT WARNING * * *
The orc priest calls down the wrath of Beogh upon you.
You're too confused to aim your attacks!
You miss something.
The orc priest hits you but does no damage.
Something hits you.
* * * LOW HITPOINT WARNING * * *
You bump into the rock wall.
The orc priest hits you from afar with a +0 trident.
* * * LOW HITPOINT WARNING * * *
Something hits you but does no damage.
You're too confused to move!
You feel less confused.
An orc wizard appears from thin air!
Reactivating autopickup.
The orc priest hits you from afar with a +0 trident.
* * * LOW HITPOINT WARNING * * *
The orc wizard hits you but does no damage.
It was a potion of haste.
You feel yourself speed up.
The orc priest invokes the aid of Beogh against you.
Beogh smites you!
You die...

## ## .###. #.#.
#..# #..### #@o..#
#.♣#♣# #.##.#
....... ###o##.#.##
.......##...).....#
.......#..#)##.##(#
# ..........#.##.#
## ...............#
###.
........P.P..#.#
##...
#.......P.......
#..♣♣


You could see an orc priest and an orc wizard.

Vanquished Creatures
  A scorpion (D:3)
  A jelly (D:4)
  An orc priest (D:4)
  An iguana (D:4)
  A hell rat (Sewer)
  5 adders
  A river rat (Sewer)
  4 worms
  3 dart slugs
  18 orcs
  6 bats
  An endoplasm (D:1)
  4 giant cockroaches
  6 hobgoblins
  3 quokkas
  7 ball pythons
  3 frilled lizards
  6 goblins
  8 kobolds
  10 rats
90 creatures vanquished.

Vanquished Creatures (others)
  A plant (D:4)
1 creature vanquished.

Grand Total: 91 creatures vanquished

Notes
Turn   | Place    | Note
-------+----------+-------------------------------------------
     0 | D:1      | Zenkrye the Human Cinder Acolyte began the quest for the
                  | Orb.
     0 | D:1      | Reached XP level 1. HP: 18/18 MP: 2/2
   108 | D:1      | Found Qenuggan's Weapon Shop.
   137 | D:1      | Reached XP level 2. HP: 21/24 MP: 3/3
   140 | D:1      | Learned a level 2 spell: Scorch
   712 | D:1      | Reached skill level 4 in Polearms
   712 | D:1      | Reached XP level 3. HP: 29/29 MP: 4/4
  1021 | D:2      | Found a faded altar of an unknown god.
  1226 | D:2      | Found a glowing golden altar of the Shining One.
  1445 | D:2      | Identified a scroll of acquirement
  1445 | D:2      | Acquired the +3 demon trident "Menugimo" {pain, *Noise
                  | *Corrode +Blink rPois}
  1473 | D:3      | Reached XP level 4. HP: 34/35 MP: 5/5
  1685 | D:3      | Reached skill level 5 in Polearms
  1971 | D:3      | Reached XP level 5. HP: 41/41 MP: 6/6
  2011 | D:3      | Reached skill level 6 in Polearms
  2087 | D:3      | Found a bloodstained altar of Trog.
  2279 | D:4      | Reached XP level 6. HP: 47/47 MP: 7/7
  2378 | D:4      | Found a glowing drain.
  2400 | Sewer    | Entered a sewer
  2494 | D:4      | Reached skill level 7 in Polearms
  3066 | D:4      | Killed from afar by an orc priest

Illustrated notes

Levels and vault maps discovered:
D:1:      eino_arrival_cavern_e, layout_loops_ring, serial_shops, shop
D:2:      layout_basic, basic_altar, ebering_ecumenical_altar_sacrificial
D:3:      layout_basic, mainiacjoe_overflow_alcove_2
D:4:      layout_loops_cross, temple_hall, serial_forest,
          infiniplex_forest_lined_ring, infiniplex_forest_end_3,
          infiniplex_forest_clump_small, infiniplex_forest_clump_curved,
          infiniplex_forest_straight_3, infiniplex_forest_straight_1,
          infiniplex_forest_lined_3, infiniplex_forest_lined_4_way,
          infiniplex_forest_clump_double, portal_sewer_entry_b

Skill      XL: |  1  2  3  4  5  6 |
---------------+-------------------+-----
Polearms       | 4 5 6 7 |  7.2
Fighting       | |  3.0
Spellcasting   | |  1.0
Fire Magic     | |  3.0

Action                     |  1- 3 |  4- 6 || total
---------------------------+-------+-------++-------
  Melee: Spear             |   151 |       ||   151
         Punch             |     2 |       ||     2
         Demon trident     |     5 |   149 ||   154
  Throw: Dart              |    10 |       ||    10
    Use: Scroll            |     8 |     3 ||    11
         Potion            |       |     1 ||     1
   Stab: Distracted        |       |     1 ||     1
 Armour: Robe              |    16 |       ||    16
         Scale mail        |    17 |       ||    17
         Chain mail        |    17 |    73 ||    90
  Dodge: Dodged            |    51 |    44 ||    95

Table legend: (Time is in decaauts)
 A = Elapsed time spent in this place.
 B = Non-inter-level travel time spent in this place.
 C = Inter-level travel time spent in this place.
 D = Time resting spent in this place.
 E = Time spent auto-exploring this place.
 F = Levels seen in this place.
 G = Mean time per level.
                   A        B        C        D        E       F      G
               +--------+--------+--------+--------+--------+-----+--------+
         Total |   3061 |   3004 |     57 |    145 |   2166 |   5 |  612.2 |
       Dungeon |   2974 |   2917 |     57 |    145 |   2132 |   4 |  743.5 |
         Sewer |     86 |     86 |      0 |      0 |     34 |   1 |   86.0 |
               +--------+--------+--------+--------+--------+-----+--------+

Top non-repeatable levels by time:
     D:1: 799 daAuts
     D:3: 771 daAuts
     D:4: 751 daAuts
     D:2: 651 daAuts
   Sewer: 86 daAuts
